 Dungeon Crawl Stone Soup version 0.30-a0-672-gc3a7216ad8 (webtiles) character file.

Game seed: 16346122852109644345

226 Mitcholas the Chopper (level 6, -2/37 HPs)
             Began as a Gargoyle Fighter on Jan 18, 2023.
             Slain by Natasha (5 damage)
             ... on level 3 of the Dungeon.
             The game lasted 00:03:25 (2684 turns).

Mitcholas the Chopper (Gargoyle Fighter)            Turns: 2684, Time: 00:03:26

Health: -2/37      AC: 11    Str: 21    XL:     6   Next: 1%
Magic:  6/6        EV:  9    Int:  9    God:
Gold:   183        SH:  4    Dex:  9    Spells: 5/5 levels left

rFire   . . .      SeeInvis .    a - +0 war axe
rCold   . . .      Faith    .    c - +0 buckler
rNeg    + . .      Spirit   .    b - +0 scale mail
rPois   ∞          Reflect  .    (no helmet)
rElec   +          Harm     .    (no cloak)
rCorr   .          Rampage  .    (no gloves)
Will    .....                    (no boots) Stlth
                                 (no amulet)
HPRegen 0.26/turn                (no ring)
MPRegen 0.10/turn                (no ring)

@: no status effects
A: sickness immunity, AC +4, negative energy resistance 1, electricity
resistance, torment resistance 1, petrification resistance
a: no special abilities


You were on level 3 of the Dungeon.
You visited 1 branch of the dungeon, and saw 3 of its levels.

You collected 183 gold pieces.

Inventory:

Hand Weapons
 a - a +0 war axe (weapon)
Armour
 b - a +0 scale mail (worn)
 c - a +0 buckler (worn)
Scrolls
 f - 5 scrolls of identify {unknown}
 i - a scroll of poison {unknown}
 j - 3 scrolls of teleportation {unknown}
 k - a scroll of torment {unknown}
 l - a scroll of fog {unknown}
 o - a scroll of butterflies {unknown}
 p - a scroll of immolation {unknown}
Potions
 d - a potion of might
 e - a potion of lignification {unknown}
 g - a potion of curing {unknown}
 h - a potion of degeneration {unknown}
 m - 2 potions of attraction {unknown}
 n - a potion of cancellation {unknown}


   Skills:
 - Level 3.2 Fighting
 + Level 5.5 Axes
 - Level 3.2 Armour
 - Level 3.2 Shields


You had 5 spell levels left.
You didn't know any spells.
Your spell library was empty.

Dungeon Overview and Level Annotations

Branches:
Dungeon (3/15)

Altars:
Nemelex Xobeh
Yredelemnul

Shops:
D:1 (

Annotations:
D:3 Natasha


Innate Abilities, Weirdness & Mutations

You are immune to sickness and miasma.
Your stone body is resilient. (AC +4)
You are immune to poison.
You resist negative energy. (rN+)
You are resistant to electric shocks. (rElec)
You are resistant to unholy torment.
You are immune to petrification.


Message History

Natasha claws you but does no damage. Natasha claws you.
You miss Natasha.
Natasha is almost dead.
Natasha mumbles some strange words.
Natasha shimmers violently.
Natasha mumbles some strange words.
You miss Natasha.
Natasha is almost dead.
Natasha claws you.
You closely miss Natasha.
Natasha is almost dead.
Natasha claws you!
You barely miss Natasha.
Natasha is almost dead.
You barely miss the iron imp.
Natasha stares at you and mumbles some strange words.
You resist with some effort. The iron imp hits you! Natasha claws you.
You barely miss Natasha.
Natasha is almost dead.
You closely miss the iron imp. You block Natasha's attack.
The iron imp barely misses you.
You miss Natasha.
Natasha is severely wounded.
You hit the iron imp. Natasha claws you but does no damage.
The iron imp hits you.
* * * LOW HITPOINT WARNING * * *
Natasha barely misses you.
You closely miss Natasha.
Natasha is severely wounded.
You hit the iron imp.
The iron imp hits you but does no damage.
Natasha claws you but does no damage.
You barely miss Natasha.
Natasha is severely wounded.
You barely miss the iron imp. The iron imp hits you!
* * * LOW HITPOINT WARNING * * *
Natasha wildly gestures.
Natasha glows brightly for a moment.
Natasha claws you.
You die...

#########.+........#
#..........#....##.##
#..........#.......#.
#..........#....##.##
#..........#........#
#.......<..#....###..
#...<...........# ##.
#..5h#..........# #.
#...@#.....#....####.
#....+...#.#.......'.
#....###.#.#..#'####.
#....)...............
#........#...........
#........####........
#...........'........
#.......#####........
##......# #........


You could see an iron imp (summoned) and Natasha.

Vanquished Creatures
  Natasha (twice) (D:3)
  2 orc wizards (D:3)
  3 adders (D:2)
  A gnoll (D:1)
  2 worms (D:3)
  3 dart slugs
  7 orcs (D:3)
  7 bats
  9 endoplasms
  2 giant cockroaches (D:2)
  4 goblins
  5 hobgoblins
  7 jackals
  5 kobolds
  6 ball pythons
  2 frilled lizards
  4 rats
71 creatures vanquished.

Notes
Turn   | Place    | Note
-------+----------+-------------------------------------------
     0 | D:1      | Mitcholas the Gargoyle Fighter began the quest for the Orb.
     0 | D:1      | Reached XP level 1. HP: 14/14 MP: 1/1
    30 | D:1      | Reached skill level 2 in Axes
    78 | D:1      | Reached XP level 2. HP: 19/19 MP: 2/2
   230 | D:1      | Found Ynweokh's Weapon Shop.
   324 | D:1      | Reached skill level 3 in Axes
   340 | D:1      | Reached XP level 3. HP: 23/23 MP: 3/3
  1482 | D:2      | Reached XP level 4. HP: 28/28 MP: 4/4
  1484 | D:2      | Reached skill level 4 in Axes
  1597 | D:2      | Found a basalt altar of Yredelemnul.
  2020 | D:3      | Reached XP level 5. HP: 30/32 MP: 5/5
  2098 | D:3      | Identified the +0 robe "Xaijej" {Int+4 Dex+3}
  2265 | D:3      | Noticed Natasha
  2271 | D:3      | Killed Natasha
  2272 | D:3      | Reached skill level 5 in Axes
  2371 | D:3      | Found a faded altar of an unknown god.
  2535 | D:3      | Noticed Natasha
  2541 | D:3      | Killed Natasha
  2542 | D:3      | Reached XP level 6. HP: 29/37 MP: 6/6
  2578 | D:3      | Found a sparkling altar of Nemelex Xobeh.
  2673 | D:3      | Noticed Natasha
  2684 | D:3      | Slain by Natasha

Illustrated notes

Levels and vault maps discovered:
D:1:      evilmike_arrival_plus, layout_basic, serial_shops, nicolae_shop_stone,
          eino_curves_01
D:2:      layout_loops_ring, basic_altar
D:3:      layout_basic, nemelex_dance_club_becter,
          ebering_ecumenical_altar_mist, lemuel_flame_loot_1, uniq_natasha

Skill      XL: |  1  2  3  4  5 |
---------------+----------------+-----
Axes           | 2 3 4 5 |  5.5
Fighting       | |  3.2
Armour         | |  3.2
Shields        | |  3.2

Action                   |  1- 3 |  4- 6 || total
-------------------------+-------+-------++-------
Melee: War axe           |   111 |   108 ||   219
Armor: Scale mail        |    58 |    49 ||   107
Dodge: Dodged            |    75 |    48 ||   123
Block: Buckler           |    30 |    14 ||    44

Table legend: (Time is in decaauts)
 A = Elapsed time spent in this place.
 B = Non-inter-level travel time spent in this place.
 C = Inter-level travel time spent in this place.
 D = Time resting spent in this place.
 E = Time spent auto-exploring this place.
 F = Levels seen in this place.
 G = Mean time per level.
                   A        B        C        D        E       F      G
               +--------+--------+--------+--------+--------+-----+--------+
         Total |   2766 |   2742 |     24 |      0 |   2242 |   3 |  922.0 |
       Dungeon |   2766 |   2742 |     24 |      0 |   2242 |   3 |  922.0 |
               +--------+--------+--------+--------+--------+-----+--------+

Top non-repeatable levels by time:
     D:1: 1055 daAuts
     D:3: 943 daAuts
     D:2: 767 daAuts
